 Dungeon Crawl Stone Soup version 0.27-b1-42-g19c61b19a5 (webtiles) character file.

Game seed: 17723024019085459373

4 Descartes the Scratcher (level 1, 0/9 HPs)
             Began as a Felid Transmuter on July 30, 2021.
             Slain by a quokka (4 damage)
             ... on level 1 of the Dungeon.
             The game lasted 00:00:38 (215 turns).

Descartes the Scratcher (Felid Transmuter)           Turns: 215, Time: 00:00:39

Health: 0/9        AC:  1    Str:  6    XL:     1   Next: 50%
Magic:  3/4        EV: 17    Int: 14    God:
Gold:   8          SH:  0    Dex: 16    Spells: 3/4 levels left
                                        Lives:  0   Deaths: 0

rFire    . . .     SeeInvis +     - Unarmed
rCold    . . .     Faith    .   (shield unavailable)
rNeg     . . .     Spirit   .   (armour unavailable)
rPois    .         Reflect  .   (helmet unavailable)
rElec    .         Harm     .   (cloak unavailable)
rCorr    .         Rampage  .   (gloves unavailable)
Will     .....                  (boots unavailable)
Stlth    ++........             (no amulet)
HPRegen  0.03/turn              (no ring)
MPRegen  0.09/turn              (no ring)

@: appendages (expiring), quick
A: horns 2, very small, claws 1, fangs 3, see invisible, speed 1, shaggy fur 1,
stealthy paws, no weapons or thrown items, no armour, multi-lived
a: End Transformation


You were on level 1 of the Dungeon.
You had temporarily grown beastly horns.
You visited 1 branch of the dungeon, and saw 1 of its levels.

You collected 8 gold pieces.

Inventory:

Scrolls
 a - a scroll of noise {unknown}


   Skills:
 - Level 1.0 Fighting
 + Level 2.8 Dodging
 + Level 0.7 Stealth
 + Level 3.0 Unarmed Combat
 - Level 2.0 Spellcasting
 + Level 2.3 Transmutations


You had 3 spell levels left.
You knew the following spells:

 Your Spells              Type           Power      Damage    Failure   Level
a - Beastly Appendage     Tmut           14%        N/A       10%         1

Your spell library contained the following spells:

 Spells                   Type           Power      Damage    Failure   Level
 Wereblood                Tmut           7%         N/A       14%         2
 Spider Form              Tmut/Pois      2%         N/A       41%         3
 Ice Form                 Ice/Tmut       4%         N/A       83%         4


Dungeon Overview and Level Annotations

Branches:
Dungeon (1/15)

Altars:


Innate Abilities, Weirdness & Mutations

You have temporarily grown beastly horns.
You have sharp claws.
You have razor-sharp teeth.
You have supernaturally acute eyesight. (SInv)
You cover ground quickly. (Speed+)
You are covered in fur. (AC +1)
Your paws help you pounce on unaware monsters.
You are incapable of wielding weapons or throwing items.
You cannot wear armour.
You gain extra lives every three experience levels.


Message History

Your transformation is almost over.
Things that are here:
a +0 short sword; 5 stones Your horns disappear.
A quokka is nearby!
A quokka is nearby!
Casting: Beastly Appendage (safe; 10% risk of failure)
Confirm with . or Enter, or press ? or * to list all spells.
You grow a pair of large bovine horns.
You scratch the quokka but do no damage.
The quokka closely misses you.
You scratch the quokka but do no damage.
The quokka bites you.
Ouch! That really hurt!
You are too injured to fight recklessly!
You are too injured to fight recklessly!
You are too injured to fight recklessly!
You are too injured to fight recklessly!
You are too injured to fight recklessly!
You are too injured to fight recklessly!
You are too injured to fight recklessly!
You are too injured to fight recklessly!
You are too injured to fight recklessly!
You are too injured to fight recklessly!
You are too injured to fight recklessly!
You are too injured to fight recklessly!
You are too injured to fight recklessly!
You are too injured to fight recklessly!
You are too injured to fight recklessly!
You are too injured to fight recklessly!
You are too injured to fight recklessly!
You are too injured to fight recklessly!
You are too injured to fight recklessly!
You are too injured to fight recklessly!
You are too injured to fight recklessly!
You are too injured to fight recklessly!
You miss the quokka.
Your transformation is almost over.
The quokka closely misses you. The quokka bites you.
You die...

..... # #.... #+#
.. ..#. #.#
#.#... #.#
######## ......
#.# #......#
.#.#... #.#
#.####.#
.....#r##.# #.#
#.#
#.#...@.>####.#
#.#
..>..........#.#
#.#
.#.#.##.####.#.#
#.#
...........†....#
#.#
....####.##.#####
#.#
................#
#.#
########....###.#
#)# #########
#.#### #.####.##
........# #.#
#.......#


You could see a quokka.

Vanquished Creatures
  A kobold (D:1)
  A quokka (D:1)
  A ball python (D:1)
  A bat (D:1)
4 creatures vanquished.

Notes
Turn   | Place    | Note
-------+----------+-------------------------------------------
     0 | D:1      | Descartes the Felid Transmuter began the quest for the Orb.
     0 | D:1      | Reached XP level 1. HP: 9/9 MP: 4/4
   215 | D:1      | Slain by a quokka

Illustrated notes

Levels and vault maps discovered:
D:1:      elethiomel_arrival_maze, layout_basic, basic_ecumenical_altar,
          st_stairs_2, grunt_decor_fettered, kennysheep_pointless_box,
          serial_park_tiny_1

Action                   || total
-------------------------++-------
Melee: Unarmed           ||    10
       Headbutt          ||     1
 Cast: Beastly Appendage ||     4
Armor: Skin              ||     1
Dodge: Dodged            ||    13
